 Dungeon Crawl Stone Soup version 0.31-a0-446-g07c4bd200f (webtiles) character file.

Game seed: 3773868127234940140

518 MacCMillion the Ruffian (level 7, 53/60 HPs)
             Began as a Black Draconian Shapeshifter on Aug 3, 2023.
             Quit the game on level 4 of the Dungeon.
             The game lasted 00:06:26 (3568 turns).

MacCMillion the Ruffian (DrSh)                      Turns: 3568, Time: 00:06:26

Health: 53/60      AC:  6    Str: 19    XL:     7   Next: 1%
Magic:  7/7        EV: 12    Int:  9    God:
Gold:   168        SH:  0    Dex: 11    Spells: 6/6 levels left

rFire   . .          .
                       - Unarmed
rCold   . . .        (no shield)
rNeg    . . .        (body armour unavailable)
rPois   +            (helmet currently unavailable)
rElec   +            (cloak currently unavailable)
rCorr   .            (gloves currently unavailable)
SInv    +            (boots currently unavailable)
Will    .....        (no amulet)
Stlth   +            h - ring of poison resistance
HPRegen 0.30/turn    k - ring of see invisible
MPRegen 0.10/turn

%: no passive effects
@: beast-form
A: beast (slay +2), breathe lightning, AC +6, unfitting armour, electricity
resistance, cold-blooded
a: Breathe Lightning, Begin Untransformation


You were on level 4 of the Dungeon.
You were a hulking beast.
You visited 1 branch of the dungeon, and saw 4 of its levels.

You collected 168 gold pieces.

Inventory:

Missiles
 c - a throwing net
 d - 21 poisoned darts
 p - 3 datura-tipped darts
Armour
 j - a +0 cloak
Jewellery
 h - a ring of poison resistance (left hand)
 k - a ring of see invisible (right hand)
 m - a +6 ring of dexterity
 s - the ring of Rarubu {rElec rPois rF+ AC+4}
   (You found it on level 4 of the Dungeon)

   [ring of protection]

   AC:        It affects your AC (+4).
   rF:        It protects you from fire.
   rElec:     It insulates you from electricity.
   rPois:     It protects you from poison.
Talismans
 b - a beast talisman (active)
Scrolls
 e - 2 scrolls of enchant weapon {unknown}
 f - a scroll of teleportation {unknown}
 i - a scroll of identify {unknown}
 l - a scroll of amnesia {unknown}
 n - a scroll of brand weapon {unknown}
 o - a scroll of poison {unknown}
Potions
 a - 2 potions of lignification
 g - a potion of cancellation {unknown}
 q - 2 potions of curing {unknown}
 r - a potion of heal wounds {unknown}


   Skills:
 + Level 4.6 Fighting
 - Level 1.7 Dodging
 * Level 6.7 Unarmed Combat
 - Level 3.0 Shapeshifting


You had 6 spell levels left.
You didn't know any spells.
Your spell library contained the following spells:

 Spells                   Type           Power      Damage    Failure   Level
 Cigotuvi's Dreadful Rot  Necr/Pois/Air  0%         N/A       52%         2
 Ignite Poison            Fire/Tmut/Pois 0%         N/A       77%         3
 Freezing Cloud           Conj/Ice/Air   0%         6-21      100%        5


Dungeon Overview and Level Annotations

Branches:
Dungeon (4/15)
 Temple: D:4-7

Altars:
Kikubaaqudgha


Innate Abilities, Weirdness & Mutations

You are a hulking beast.
Your limbs bulge with bestial killing power. (Slay +2)
You can breathe wild blasts of lightning.
Your glossy black scales are hard. (AC +6)
You cannot fit into any form of body armour.
You are resistant to electric shocks. (rElec)
You are cold-blooded and may be slowed by cold attacks.


Message History

You punch the endoplasm!
You kill the endoplasm!
The giant cockroach bites you.
The howler monkey hoots and howls with incredible vigour!
You punch the giant cockroach!
You kill the giant cockroach!
The howler monkey hoots and howls with incredible vigour!
The goblin closely misses you.
You punch the goblin!
You kill the goblin!
The howler monkey hits you. The howler monkey misses you.
You hit the howler monkey.
The howler monkey is lightly wounded.
The howler monkey closely misses you.
You closely miss the howler monkey.
You tail-slap the howler monkey, but do no damage.
The howler monkey is lightly wounded.
The howler monkey hoots and howls with incredible vigour!
You closely miss the howler monkey.
The howler monkey is lightly wounded.
The howler monkey closely misses you.
You hit the howler monkey.
The howler monkey is moderately wounded.
The howler monkey hits you.
You barely miss the howler monkey. You tail-slap the howler monkey.
Your punch misses the howler monkey.
The howler monkey is moderately wounded.
An endoplasm comes into view.
The howler monkey hits you.
You hit the howler monkey.
The howler monkey is heavily wounded.
The howler monkey closely misses you.
You punch the howler monkey!
You kill the howler monkey!
You have reached level 7!
Your scales start taking on a glossy black colour.
You learn Air Magic much quicker.
You learn Earth Magic much slower.
You can breathe wild blasts of lightning.
You feel insulated.
Are you sure you want to abandon this character and quit the game? (Confirm with "yes".)

..............#
..............#
.......J......#
.....).......#
#...........#
#.........# # #.#
#....†....# # #.#
#....h)...# # #.#
##.........# # ###.#
#>.........# # ..#.#
#..........#
#####.#.###..........#
...##.#.#............#
...##.#.#.######.#####
...........# #.#
...##......# #.#


You could see an endoplasm.

Vanquished Creatures
  Grinder (D:3)
  A howler monkey (D:4)
  A jelly (D:3)
  An iguana (D:3)
  An orc wizard (D:3)
  4 gnolls
  4 adders
  3 worms
  4 dart slugs
  10 orcs (D:3)
  6 ball pythons
  8 endoplasms
  7 giant cockroaches
  13 goblins
  7 hobgoblins
  8 quokkas
  2 bats
  4 frilled lizards
  6 kobolds
  9 rats
100 creatures vanquished.

Notes
Turn   | Place    | Note
-------+----------+-------------------------------------------
     0 | D:1      | MacCMillion the Draconian Shapeshifter began the quest for
                  | the Orb.
     0 | D:1      | Reached XP level 1. HP: 16/16 MP: 1/1
   114 | D:1      | Reached XP level 2. HP: 22/23 MP: 2/2
   531 | D:1      | Reached XP level 3. HP: 29/29 MP: 3/3
   628 | D:1      | Reached skill level 4 in Unarmed Combat
  1530 | D:2      | Reached XP level 4. HP: 30/37 MP: 4/4
  2205 | D:3      | Found an ancient bone altar of Kikubaaqudgha.
  2338 | D:3      | Reached skill level 5 in Unarmed Combat
  2338 | D:3      | Reached XP level 5. HP: 34/45 MP: 5/5
  2978 | D:4      | Noticed Grinder
  2993 | D:3      | Paralysed by Grinder for 4 turns
  2998 | D:3      | Killed Grinder
  2999 | D:3      | Reached skill level 6 in Unarmed Combat
  2999 | D:3      | Reached XP level 6. HP: 26/52 MP: 6/6
  3527 | D:4      | Identified the ring of Rarubu {rElec rPois rF+ AC+4}
  3568 | D:4      | Your scales start taking on a glossy black colour.
  3568 | D:4      | Reached XP level 7. HP: 53/60 MP: 7/7
  3568 | D:4      | Gained mutation: You are resistant to electric shocks.
                  | (rElec) [Black Draconian growth]
  3568 | D:4      | Quit the game

Illustrated notes

Levels and vault maps discovered:
D:1:      dreamdust_arrival_beginning_and_end, layout_rooms
D:2:      layout_basic, minmay_quantized
D:3:      layout_loops_ring, lemuel_tele_altar, kennysheep_generic_room_15
D:4:      layout_rooms, nicolae_hepliaklqana_hippocampus,
          kennysheep_generic_room_6, uniq_grinder

Skill      XL: |  1  2  3  4  5 |
---------------+----------------+-----
Fighting       | 2 3 4 |  4.6
Unarmed Combat | 4 5 6 |  6.7
Dodging        | |  1.7
Shapeshifting  | |  3.0

Action                     |  1- 3 |  4- 6 |  7- 9 || total
---------------------------+-------+-------+-------++-------
  Melee: Unarmed           |   115 |   153 |       ||   268
         Tailslap          |    15 |    19 |       ||    34
         Punch             |     1 |     6 |       ||     7
 Armour: Skin              |    23 |    36 |       ||    59
  Dodge: Dodged            |    41 |    84 |       ||   125

Table legend: (Time is in decaauts)
 A = Elapsed time spent in this place.
 B = Non-inter-level travel time spent in this place.
 C = Inter-level travel time spent in this place.
 D = Time resting spent in this place.
 E = Time spent auto-exploring this place.
 F = Levels seen in this place.
 G = Mean time per level.
                   A        B        C        D        E       F      G
               +--------+--------+--------+--------+--------+-----+--------+
         Total |   3547 |   3454 |     93 |    893 |   1852 |   4 |  886.8 |
       Dungeon |   3547 |   3454 |     93 |    893 |   1852 |   4 |  886.8 |
               +--------+--------+--------+--------+--------+-----+--------+

Top non-repeatable levels by time:
     D:2: 1308 daAuts
     D:3: 1281 daAuts
     D:1: 790 daAuts
     D:4: 167 daAuts
